SAL
AUGUSTA GREENJACKETS @ LAKEWOOD BLUECLAWS
07/18/2099
 
TOP OF THE 1ST
Augusta GreenJackets batting - Pitching for Lakewood BlueClaws : LHP Jake Conti
Pitching: LHP Jake Conti
Batting: RHB Michael Meinert 0-0: Ball
1-0: Ball
2-0: Ball
3-0: Called Strike
3-1: Foul Ball, location: 23FF
3-2: Foul Ball, location: 25F
3-2: Strikes out swinging
Batting: RHB Andres Garcia 0-0: Called Strike
0-1: SINGLE (Line Drive, 89M, EV 88.1 MPH)
Batting: SHB Matt Russ 0-0: Foul Ball, location: 2F
0-1: Ball
1-1: Ball
2-1: Swinging Strike
2-2: Strikes out swinging
Batting: RHB Matt Bobrick 0-0: Ball
1-0: Called Strike
1-1: Ball
2-1: Called Strike
2-2: Foul Ball, location: 2F
2-2: Ball
3-2: Fly out, F7 (Flyball, 7S, EV 86.9 MPH)
Top of the 1st over - 0 runs, 1 hit, 0 errors, 1 left on base; Augusta 0 - Lakewood 0
BOTTOM OF THE 1ST
Lakewood BlueClaws batting - Pitching for Augusta GreenJackets : RHP Gaby Dempsey
Pitching: RHP Gaby Dempsey
Batting: LHB Joe Noga 0-0: Ball
1-0: Foul Ball, location: 2F
1-1: SINGLE (Line Drive, 78S, EV 96.3 MPH)
Batting: RHB Zach Miles 0-0: Called Strike
0-1: Ball
1-1: Swinging Strike
1-2: Strikes out swinging
Batting: LHB Steve Lennon 0-0: Swinging Strike
0-1: Foul Ball, location: 7LMF
0-2: Foul Ball, location: 2F
0-2: Ball
1-2: Fly out, F7 (Flyball, 7D, EV 104.4 MPH)
Batting: LHB Chris Liesse 0-0: Called Strike
0-1: Foul Ball, location: 5DF
0-2: Ball
1-2: Fly out, F8 (Flyball, 8RXD, EV 95.0 MPH)
Bottom of the 1st over - 0 runs, 1 hit, 0 errors, 1 left on base; Augusta 0 - Lakewood 0
TOP OF THE 2ND
Augusta GreenJackets batting - Pitching for Lakewood BlueClaws : LHP Jake Conti
Batting: RHB Orlando Chavez 0-0: Ball
1-0: Ball
2-0: SOLO HOME RUN (Flyball, 9D, EV 100.6 MPH), Distance : 389 ft
Batting: LHB Russ Sverdlov 0-0: Foul Ball, location: 7LSF
0-1: Ball
1-1: Ball
2-1: Foul Ball, location: 5F
2-2: Ball
3-2: Ground out U3 (Groundball, 3, EV 103.1 MPH)
Batting: RHB Kevin Sides 0-0: Ball
1-0: Foul Ball, location: 23F
1-1: Ball
2-1: Ball
3-1: SINGLE (Groundball, 6S, EV 68.1 MPH) (infield hit)
Batting: RHB Ted Voeltner 0-0: Ball
1-0: Called Strike
1-1: Foul Ball, location: 5F
1-2: Ball
2-2: Foul Ball, location: 9LMF
2-2: Strikes out looking
Batting: RHB Kevin Wallner 0-0: Ball
1-0: Swinging Strike
1-1: SINGLE (Groundball, 6MD, EV 108.8 MPH) (infield hit)
Kevin Sides to second
Batting: RHB Michael Meinert 0-0: Called Strike
0-1: Ground out U3 (Groundball, 34, EV 100.6 MPH)
Top of the 2nd over - 1 run, 3 hits, 0 errors, 2 left on base; Augusta 1 - Lakewood 0
BOTTOM OF THE 2ND
Lakewood BlueClaws batting - Pitching for Augusta GreenJackets : RHP Gaby Dempsey
Batting: LHB Guillermo Quiroz 0-0: Ball
1-0: Swinging Strike
1-1: Ball
2-1: Fly out, F4 (Popup, 34D, EV 65.6 MPH)
Batting: LHB Juan Rivera 0-0: Ball
1-0: Ball
2-0: Fly out, F7 (Flyball, 7D, EV 96.9 MPH)
Batting: RHB Danny Rodriguez 0-0: Ball
1-0: Foul Ball, location: 2F
1-1: Foul Ball, location: 2F
1-2: Ball
2-2: Ball
3-2: Ground out 6-3 (Groundball, 6, EV 97.5 MPH)
Bottom of the 2nd over - 0 runs, 0 hits, 0 errors, 0 left on base; Augusta 1 - Lakewood 0
TOP OF THE 3RD
Augusta GreenJackets batting - Pitching for Lakewood BlueClaws : LHP Jake Conti
Batting: RHB Andres Garcia 0-0: Called Strike
0-1: Called Strike
0-2: Foul Ball, location: 2F
0-2: Foul Ball, location: 3F
0-2: Ball
1-2: Ball
2-2: Ground out 5-3 (Groundball, 56, EV 89.4 MPH)
Batting: SHB Matt Russ 0-0: Ball
1-0: Ball
2-0: Ball
3-0: Called Strike
3-1: Called Strike
3-2: Strikes out swinging
Batting: RHB Matt Bobrick 0-0: Foul Ball, location: 9LMF
0-1: Called Strike
0-2: Foul Ball, location: 25FF
0-2: Ball
1-2: Strikes out looking
Top of the 3rd over - 0 runs, 0 hits, 0 errors, 0 left on base; Augusta 1 - Lakewood 0
BOTTOM OF THE 3RD
Lakewood BlueClaws batting - Pitching for Augusta GreenJackets : RHP Gaby Dempsey
Batting: RHB Jim Unknown 0-0: Called Strike
0-1: Foul Ball, location: 2F
0-2: Fly out, F7 (Flyball, 78M, EV 90.6 MPH)
Batting: SHB Frits Loos 0-0: Ball
1-0: Ball
2-0: Ball
3-0: Called Strike
3-1: Bunt missed!
3-2: Strikes out swinging
Batting: LHB Joe Noga 0-0: Called Strike
0-1: Ground out 4-3 (Groundball, 34D, EV 99.4 MPH)
Bottom of the 3rd over - 0 runs, 0 hits, 0 errors, 0 left on base; Augusta 1 - Lakewood 0
TOP OF THE 4TH
Augusta GreenJackets batting - Pitching for Lakewood BlueClaws : LHP Jake Conti
Batting: RHB Orlando Chavez 0-0: Called Strike
0-1: Ball
1-1: Swinging Strike
1-2: Ball
2-2: Ball
3-2: Strikes out swinging
Batting: LHB Russ Sverdlov 0-0: Ball
1-0: Called Strike
1-1: Ball
2-1: Ball
3-1: Base on Balls
Batting: RHB Kevin Sides 0-0: Ball
1-0: Called Strike
1-1: Called Strike
1-2: SINGLE (Line Drive, 4MD, EV 69.4 MPH)
Russ Sverdlov to second
Batting: RHB Ted Voeltner 0-0: Called Strike
0-1: Reached on error, E3 (Groundball, 34S, EV 85.0 MPH)
Russ Sverdlov to third
Kevin Sides to second
Batting: RHB Kevin Wallner 0-0: Ball
1-0: Fielders Choice at 2nd, 3-6 (Groundball, 23, EV 91.9 MPH)
Russ Sverdlov scores
Kevin Sides to third
Batting: RHB Michael Meinert 0-0: Ball
1-0: Swinging Strike
1-1: Ball
2-1: Ball
3-1: Foul Ball, location: 7LMF
3-2: Foul Ball, location: 9LMF
3-2: Strikes out swinging
Top of the 4th over - 1 run, 1 hit, 1 error, 2 left on base; Augusta 2 - Lakewood 0
BOTTOM OF THE 4TH
Lakewood BlueClaws batting - Pitching for Augusta GreenJackets : RHP Gaby Dempsey
Batting: RHB Zach Miles 0-0: Called Strike
0-1: Ball
1-1: Ball
2-1: Ball
3-1: Base on Balls
Batting: LHB Steve Lennon 0-0: Ball
1-0: Fly out, F7 (Flyball, 7, EV 88.8 MPH)
Batting: LHB Chris Liesse 0-0: Ball
1-0: Called Strike
1-1: Swinging Strike
1-2: SINGLE (Line Drive, 34, EV 97.5 MPH)
Zach Miles to second
Batting: LHB Guillermo Quiroz 0-0: Called Strike
0-1: Foul Ball, location: 5F
0-2: Strikes out swinging
Batting: LHB Juan Rivera 0-0: Ball
1-0: Ball
2-0: Called Strike
2-1: Fly out, F7 (Flyball, 78S, EV 92.5 MPH)
Bottom of the 4th over - 0 runs, 1 hit, 0 errors, 2 left on base; Augusta 2 - Lakewood 0
TOP OF THE 5TH
Augusta GreenJackets batting - Pitching for Lakewood BlueClaws : LHP Jake Conti
Batting: RHB Andres Garcia 0-0: Ball
1-0: Fly out, F4 (Popup, 13S, EV 79.4 MPH)
Batting: SHB Matt Russ 0-0: Called Strike
0-1: Swinging Strike
0-2: Ball
1-2: Ball
2-2: Strikes out looking
Batting: RHB Matt Bobrick 0-0: Ball
1-0: Fly out, F7 (Flyball, 7LSF, EV 85.6 MPH)
Top of the 5th over - 0 runs, 0 hits, 0 errors, 0 left on base; Augusta 2 - Lakewood 0
BOTTOM OF THE 5TH
Lakewood BlueClaws batting - Pitching for Augusta GreenJackets : RHP Gaby Dempsey
Batting: RHB Danny Rodriguez 0-0: Ball
1-0: Called Strike
1-1: Ball
2-1: Foul Ball, location: 2F
2-2: Foul Ball, location: 7LSF
2-2: Ball
3-2: Base on Balls
Batting: RHB Jim Unknown 0-0: Ball
1-0: Ball
2-0: Called Strike
2-1: DOUBLE (Line Drive, 89D, EV 104.4 MPH)
Danny Rodriguez to third
Batting: SHB Frits Loos 0-0: Ball
1-0: Foul Ball, location: 7LDF
1-1: Ball
2-1: Fly out, F7 (Flyball, 7D, EV 88.8 MPH)
Runner from 3rd tags up, SCORES, throw by LF
Jim Unknown to third
Batting: LHB Joe Noga 0-0: Called Strike
0-1: Ball
1-1: Ball
2-1: Foul Ball, location: 7LMF
2-2: Ball
3-2: Base on Balls
Batting: RHB Zach Miles 0-0: Ball
1-0: Ball
2-0: Ball
3-0: Base on Balls
Joe Noga to second
Pitching: LHP John Jenkins
Batting: LHB Steve Lennon 0-0: Fly out, F7 (Flyball, 78XD, EV 110.6 MPH)
Runner from 3rd tags up, SCORES, no throw by LF
Batting: LHB Chris Liesse 0-0: Ball
1-0: Ball
2-0: Called Strike
2-1: Fly out, F2 (Popup, 23F, EV 86.9 MPH)
Bottom of the 5th over - 2 runs, 1 hit, 0 errors, 2 left on base; Augusta 2 - Lakewood 2
TOP OF THE 6TH
Augusta GreenJackets batting - Pitching for Lakewood BlueClaws : LHP Jake Conti
Batting: RHB Orlando Chavez 0-0: Ball
1-0: Called Strike
1-1: Ball
2-1: Swinging Strike
2-2: Ball
3-2: Base on Balls
Batting: LHB Russ Sverdlov 0-0: Foul Ball, location: 3FF
0-1: Foul Ball, location: 2F
0-2: Ball
1-2: SINGLE (Groundball, 4MD, EV 94.4 MPH)
Orlando Chavez to second
Batting: RHB Kevin Sides 0-0: Called Strike
0-1: Ball
1-1: Called Strike
1-2: Ball
2-2: SINGLE (Groundball, 6MD, EV 108.1 MPH)
Orlando Chavez to third
Russ Sverdlov to second
Runner from 3rd tries for Home, SAFE, throw by CF to home
Pitching: LHP Addison Kowalsky
Batting: RHB Ted Voeltner 0-0: Ball
1-0: Ball
2-0: Grounds into double play, 6-4-3 (Groundball, 6S, EV 87.5 MPH)
Russ Sverdlov to third
Batting: RHB Kevin Wallner 0-0: Ball
1-0: Ball
2-0: Called Strike
2-1: Swinging Strike
2-2: Strikes out swinging
Top of the 6th over - 1 run, 2 hits, 0 errors, 1 left on base; Augusta 3 - Lakewood 2
BOTTOM OF THE 6TH
Lakewood BlueClaws batting - Pitching for Augusta GreenJackets : LHP John Jenkins
Batting: LHB Guillermo Quiroz 0-0: Ball
1-0: Ball
2-0: Foul Ball, location: 3SF
2-1: Foul Ball, location: 2F
2-2: Ball
3-2: Base on Balls
Batting: LHB Juan Rivera 0-0: Called Strike
0-1: Fielders Choice at 2nd, 6-4 (Groundball, 6, EV 101.9 MPH)
Batting: RHB Danny Rodriguez 0-0: Called Strike
0-1: Fly out, F8 (Flyball, 8LM, EV 91.3 MPH)
Batting: RHB Jim Unknown 0-0: Ball
1-0: Swinging Strike
1-1: Ball
2-1: Fly out, F9 (Flyball, 9, EV 86.3 MPH)
Bottom of the 6th over - 0 runs, 0 hits, 0 errors, 1 left on base; Augusta 3 - Lakewood 2
TOP OF THE 7TH
Augusta GreenJackets batting - Pitching for Lakewood BlueClaws : LHP Addison Kowalsky
Batting: RHB Michael Meinert 0-0: TRIPLE (Line Drive, 9D, EV 99.4 MPH)
Batting: RHB Andres Garcia 0-0: Called Strike
0-1: Ball
1-1: Foul Ball, location: 9LSF
1-2: SINGLE (Line Drive, 9S, EV 91.3 MPH)
Michael Meinert scores
Batting: SHB Matt Russ 0-0: Ball
1-0: Called Strike
1-1: Called Strike
1-2: Ball
2-2: Ball
3-2: SINGLE (Line Drive, 7S, EV 88.8 MPH)
Andres Garcia to second
Batting: RHB Matt Bobrick 0-0: Called Strike
0-1: Ball
1-1: Swinging Strike
1-2: Ball
2-2: Strikes out looking
Batting: RHB Orlando Chavez 0-0: SINGLE (Groundball, 4D, EV 99.4 MPH)
Andres Garcia to third
Matt Russ to second
Runner from 3rd tries for Home, SAFE, throw by CF to home
Batting: LHB Russ Sverdlov 0-0: Ball
1-0: Swinging Strike
1-1: Foul Ball, location: 2F
1-2: Fly out, F7 (Flyball, 7D, EV 102.5 MPH)
Runner from 2nd tags up, SAFE at 3rd, no throw by LF
Batting: RHB Kevin Sides 0-0: Called Strike
0-1: Fly out, F9 (Flyball, 9S, EV 83.1 MPH)
Top of the 7th over - 2 runs, 4 hits, 0 errors, 2 left on base; Augusta 5 - Lakewood 2
BOTTOM OF THE 7TH
Lakewood BlueClaws batting - Pitching for Augusta GreenJackets : LHP John Jenkins
Batting: SHB Frits Loos 0-0: Ball
1-0: Called Strike
1-1: Called Strike
1-2: Foul Ball, location: 2F
1-2: SINGLE (Groundball, 34S, EV 66.3 MPH) (infield hit)
Batting: LHB Joe Noga 0-0: Ball
1-0: SINGLE (Flyball, 6D, EV 90.0 MPH)
Frits Loos to second
Batting: RHB Zach Miles 0-0: Called Strike
0-1: Ball
Wild Pitch!
Frits Loos to third
Joe Noga to second
1-1: Foul Ball, location: 2F
1-2: Ball
2-2: Foul Ball, location: 2F
2-2: Fly out, F8 (Flyball, 89S, EV 87.5 MPH)
Batting: LHB Steve Lennon 0-0: Called Strike
0-1: Foul Ball, location: 2F
0-2: Foul Ball, location: 7LMF
0-2: Fly out, F8 (Flyball, 8LD, EV 85.0 MPH)
Runner from 3rd tags up, SCORES, throw by CF
Joe Noga to third
Batting: LHB Chris Liesse 0-0: SINGLE (Groundball, 4MD, EV 100.0 MPH)
Joe Noga scores
Pitching: RHP Travis Slusser
Batting: LHB Guillermo Quiroz 0-0: Called Strike
0-1: SINGLE (Line Drive, 7LS, EV 97.5 MPH)
Chris Liesse to second
Batting: LHB Juan Rivera 0-0: Called Strike
0-1: Foul Ball, location: 2F
0-2: Strikes out swinging
Bottom of the 7th over - 2 runs, 4 hits, 0 errors, 2 left on base; Augusta 5 - Lakewood 4
TOP OF THE 8TH
Augusta GreenJackets batting - Pitching for Lakewood BlueClaws : LHP Addison Kowalsky
Batting: RHB Ted Voeltner 0-0: Ball
1-0: Swinging Strike
1-1: Ball
2-1: Called Strike
2-2: Ball
3-2: Strikes out swinging
Batting: RHB Kevin Wallner 0-0: Called Strike
0-1: Foul Ball, location: 7LSF
0-2: Ball
1-2: Ball
2-2: Strikes out looking
Batting: RHB Michael Meinert 0-0: Ball
1-0: Called Strike
1-1: Ball
2-1: Foul Ball, location: 3FF
2-2: Foul Ball, location: 23F
2-2: Ball
3-2: Foul Ball, location: 23F
3-2: Fly out, F8 (Flyball, 89D, EV 96.3 MPH)
Top of the 8th over - 0 runs, 0 hits, 0 errors, 0 left on base; Augusta 5 - Lakewood 4
BOTTOM OF THE 8TH
Lakewood BlueClaws batting - Pitching for Augusta GreenJackets : RHP Travis Slusser
Pitching: RHP Ricky Sanchez
Batting: RHB Danny Rodriguez 0-0: Swinging Strike
0-1: Ball
1-1: Swinging Strike
1-2: Strikes out swinging
Batting: RHB Jim Unknown 0-0: DOUBLE (Flyball, 78XD, EV 93.8 MPH)
Pinch Hitting: RHB Brian Baumbach 0-0: Called Strike
0-1: Foul Ball, location: 5F
0-2: Ball
1-2: Strikes out swinging
Batting: LHB Joe Noga 0-0: Ball
1-0: Swinging Strike
1-1: Ground out 1-3 (Groundball, 34S, EV 73.8 MPH)
Bottom of the 8th over - 0 runs, 1 hit, 0 errors, 1 left on base; Augusta 5 - Lakewood 4
TOP OF THE 9TH
Augusta GreenJackets batting - Pitching for Lakewood BlueClaws : LHP Addison Kowalsky
Pitching: RHP Larry Wilson
Now in CF: Brian Baumbach
Pinch Hitting: LHB Steve Inniss 0-0: Swinging Strike
0-1: Ground out 4-3 (Groundball, 4, EV 79.4 MPH)
Batting: SHB Matt Russ 0-0: Ball
1-0: Fly out, F7 (Flyball, 7D, EV 105.6 MPH)
Batting: RHB Matt Bobrick 0-0: Called Strike
0-1: Called Strike
0-2: Strikes out swinging
Top of the 9th over - 0 runs, 0 hits, 0 errors, 0 left on base; Augusta 5 - Lakewood 4
BOTTOM OF THE 9TH
Lakewood BlueClaws batting - Pitching for Augusta GreenJackets : RHP Ricky Sanchez
Now at 2B: Scott Clara
Now at 3B: Jacob Carmer
Now at SS: Kevin Sides
Now in RF: Michael Meinert
Batting: RHB Zach Miles 0-0: Called Strike
0-1: Foul Ball, location: 2F
0-2: Ball
1-2: Strikes out swinging
Batting: LHB Steve Lennon 0-0: Ball
1-0: Ball
2-0: Called Strike
2-1: Foul Ball, location: 7LDF
2-2: Strikes out looking
Batting: LHB Chris Liesse 0-0: Foul Ball, location: 2F
0-1: Swinging Strike
0-2: Ball
1-2: Strikes out swinging
Bottom of the 9th over - 0 runs, 0 hits, 0 errors, 0 left on base; Augusta 5 - Lakewood 4
Sunday, May 12th , 2024 - OOTP Baseball 24.11 Build 85